 Dungeon Crawl Stone Soup version 0.31-a0-175-g9f7f995f2b (webtiles) character file.

Game seed: 9090907962693903327

82 mopl the Trooper (level 4, -2/35 HPs)
             Began as a Demonspawn Fighter on June 17, 2023.
             Slain by Ijyb
             ... wielding a +0 club
              (5 damage)
             ... on level 3 of the Dungeon.
             The game lasted 00:01:49 (1633 turns).

mopl the Trooper (Demonspawn Fighter)               Turns: 1633, Time: 00:01:50

Health: -2/35      AC:  8    Str: 18    XL:     4   Next: 21%
Magic:  4/4        EV:  9    Int:  9    God:
Gold:   64         SH:  4    Dex: 13    Spells: 3/3 levels left

rFire   . . .        a - +0 war axe
rCold   . . .        c - +0 buckler
rNeg    . . .        b - +0 scale mail
rPois   .            (no helmet)
rElec   .            (no cloak)
rCorr   .            (no gloves)
SInv    .            p - +0 pair of boots
Will    .....        (no amulet) Stlth
                     (no ring)
HPRegen 0.25/turn    (no ring)
MPRegen 0.09/turn

%: no passive effects
@: no status effects
A: claws 1, powered by death 1, sharp scales 1
a: no special abilities


You were on level 3 of the Dungeon.
You visited 1 branch of the dungeon, and saw 3 of its levels.

You collected 97 gold pieces.
You spent 33 gold pieces at shops.

Inventory:

Hand Weapons
 a - a +0 war axe (weapon)
Missiles
 n - a curare-tipped dart
 q - 3 poisoned darts (quivered)
Armour
 b - a +0 scale mail (worn)
 c - a +0 buckler (worn)
 p - a +0 pair of boots (worn)
Scrolls
 e - a scroll of poison {unknown}
 h - 2 scrolls of teleportation {unknown}
 i - 2 scrolls of blinking {unknown}
 m - 2 scrolls of identify {unknown}
 o - a scroll of silence {unknown}
Potions
 d - 2 potions of might
 f - a potion of brilliance {unknown}
 g - 2 potions of heal wounds {unknown}
 j - a potion of mutation {unknown}
 k - a potion of ambrosia {unknown}
 l - 2 potions of lignification {unknown}


   Skills:
 + Level 3.5 Fighting
 * Level 2.9 Axes
 + Level 3.1 Armour
 + Level 1.2 Dodging
 - Level 2.6 Shields


You had 3 spell levels left.
You didn't know any spells.
Your spell library was empty.

Dungeon Overview and Level Annotations

Branches:
Dungeon (3/15)

Altars:

Shops:
D:2 (

Annotations:
D:3 Ijyb


Innate Abilities, Weirdness & Mutations

You have sharp fingernails.
You regenerate a little health from kills.
You are partially covered in razor-sharp scales. (AC +1, Slay +1)


Message History

Ijyb the Twisted Goblin comes into view.
She is wielding a +0 club and carrying a wand of mindburst (8).
Ijyb shouts!
Ijyb zaps a wand.
You barely resist.
Ijyb zaps a wand.
Your mind is blasted!
Ijyb zaps a wand.
Your mind is blasted!
Ouch! That really hurt!
* * * LOW HITPOINT WARNING * * *
You are too injured to fight recklessly!
Throw: 2 darts (curare)
Press: ? - help, Shift-Dir - straight line, f - Ijyb
Aim: Ijyb, wielding a +0 club, wearing a +0 ring mail and carrying a wand of mindburst (5) (55% to hit)
You throw a curare-tipped dart. The curare-tipped dart hits Ijyb.
Ijyb is poisoned.
Ijyb convulses.
Ijyb seems to slow down.
Ijyb is heavily wounded.
Throw: 5 darts (poison)
Press: ? - help, Shift-Dir - straight line, f/p - Ijyb
Aim: Ijyb, wielding a +0 club, wearing a +0 ring mail and carrying a wand of mindburst (5) (heavily wounded, very poisoned, slow, 55% to hit)
You throw a poisoned dart. The poisoned dart barely misses Ijyb.
Unknown command.
Throw: 4 darts (poison)
Press: ? - help, Shift-Dir - straight line, f/p - Ijyb
Aim: Ijyb, wielding a +0 club, wearing a +0 ring mail and carrying a wand of mindburst (5) (heavily wounded, very poisoned, slow, 55% to hit)
You throw a poisoned dart. The poisoned dart hits Ijyb.
Ijyb is heavily wounded.
Unknown command.
You closely miss Ijyb.
Ijyb is heavily wounded.
Ijyb screams, "I dance on your bones!" Ijyb hits you but does no damage.
You slash Ijyb!
Ijyb is almost dead.
Ijyb hits you but does no damage.
You closely miss Ijyb.
Ijyb is severely wounded.
Ijyb drinks a potion.
Ijyb shakes off her lethargy.
Ijyb goes berserk!
You hit Ijyb.
Ijyb is almost dead.
Ijyb hits you with a +0 club.
You die...

####### ....... ########
....... .......# .......
.......##########.......
.......#.........$......
.......'....)....>......
.......#........@g(#
....####..........<(....
....# ##........#.######
##### #.........+.#
#.........#.#
#.........#.#
#............
#....######.# ###### .#


You could see Ijyb (berserk, poisoned).

Vanquished Creatures
  4 adders (D:2)
  A dart slug (D:2)
  5 endoplasms
  2 giant cockroaches
  5 goblins
  3 hobgoblins (D:1)
  4 quokkas
  3 ball pythons
  3 bats
  4 frilled lizards
  6 kobolds
  5 rats
45 creatures vanquished.

Notes
Turn   | Place    | Note
-------+----------+-------------------------------------------
     0 | D:1      | mopl the Demonspawn Fighter began the quest for the Orb.
     0 | D:1      | Reached XP level 1. HP: 18/18 MP: 1/1
   248 | D:1      | Reached skill level 2 in Axes
   263 | D:1      | Gained mutation: You are partially covered in razor-sharp
                  | scales. (AC +1, Slay +1) [demonic ancestry]
   263 | D:1      | Reached XP level 2. HP: 24/24 MP: 2/2
   671 | D:1      | Found a faded altar of an unknown god.
   721 | D:2      | Reached skill level 3 in Armour
   721 | D:2      | Gained mutation: You regenerate a little health from kills.
                  | [demonic ancestry]
   721 | D:2      | Reached XP level 3. HP: 29/29 MP: 3/3
   781 | D:2      | Reached skill level 1 in Dodging
   844 | D:2      | Found Orytesm's Weapon Shoppe.
  1013 | D:2      | Bought 2 curare-tipped darts for 33 gold pieces
  1453 | D:2      | Gained mutation: You have sharp fingernails. [demonic
                  | ancestry]
  1453 | D:2      | Reached XP level 4. HP: 35/35 MP: 4/4
  1623 | D:3      | Noticed Ijyb
  1626 | D:3      | HP: 1/35 [disintegration (19)]
  1633 | D:3      | Slain by Ijyb

Illustrated notes

Levels and vault maps discovered:
D:1:      heliophobic_arrival_enchanted_forest, layout_basic,
          chequers_ecumenical_altar_lobes
D:2:      layout_loops_corners, serial_shops, nicolae_shop_bloodbath_and_beyond
D:3:      layout_basic, chequers_garden, minmay_circle_x, uniq_ijyb,
          uniq_natasha

Skill      XL: |  1  2  3 |
---------------+----------+-----
Axes           | 2 |  2.9
Armour         | 3 |  3.1
Dodging        | 1 |  1.2
Fighting       | |  3.5
Shields        | |  2.6

Action                     |  1- 3 |  4- 6 || total
---------------------------+-------+-------++-------
  Melee: War axe           |   103 |    22 ||   125
  Throw: Dart              |       |     3 ||     3
 Armour: Scale mail        |    44 |     9 ||    53
  Dodge: Dodged            |    53 |     7 ||    60
  Block: Buckler           |    21 |     2 ||    23

Table legend: (Time is in decaauts)
 A = Elapsed time spent in this place.
 B = Non-inter-level travel time spent in this place.
 C = Inter-level travel time spent in this place.
 D = Time resting spent in this place.
 E = Time spent auto-exploring this place.
 F = Levels seen in this place.
 G = Mean time per level.
                   A        B        C        D        E       F      G
               +--------+--------+--------+--------+--------+-----+--------+
         Total |   1684 |   1612 |     72 |      0 |   1290 |   3 |  561.3 |
       Dungeon |   1684 |   1612 |     72 |      0 |   1290 |   3 |  561.3 |
               +--------+--------+--------+--------+--------+-----+--------+

Top non-repeatable levels by time:
     D:2: 824 daAuts
     D:1: 735 daAuts
     D:3: 124 daAuts
